 Dungeon Crawl Stone Soup version 0.17.1-3-g152610e (webtiles) character file.

82 Gargoyl the Skirmisher (level 4, -4/37 HPs)
             Began as a Demonspawn Abyssal Knight on Mar 10, 2016.
             Was a Believer of Lugonu.
             Slain by a worm (8 damage)
             ... on level 2 of the Dungeon.
             The game lasted 00:04:31 (2185 turns).

Gargoyl the Skirmisher (Demonspawn Abyssal Knight)  Turns: 2185, Time: 00:04:31

Health: -4/37      AC: 13    Str: 13    XL:     4   Next: 21%
Magic:  6/6        EV:  0    Int: 14    God:    Lugonu [**....]
Gold:   94         SH:  6    Dex: 12    Spells: 0 memorised, 3 levels left

rFire  . . .     SeeInvis +     a - +1 hand axe
rCold  . . .     Clarity  .     i - +0 plate armour
rNeg   . . .     SustAt   .     q - +0 shield
rPois  .         Gourm    .     (helmet restricted)
rElec  .         Spirit   .     g - +0 cloak
rCorr  .         Warding  .     r - +0 pair of gloves
rMut   .         Stasis   .     (no boots)
MR     .....                    (no amulet)
Stlth  ..........               e - ring of wizardry (curse)
                                b - ring of see invisible

@: lethally poisoned (-4 -> -4), very slightly contaminated, invisible, not
resistant to hostile enchantments, extremely unstealthy
A: horns 1
a: Depart the Abyss, Bend Space, Renounce Religion


You were on level 2 of the Dungeon.
You worshipped Lugonu.
Lugonu was pleased with you.
You were near starving.

You visited 1 branch of the dungeon, and saw 2 of its levels.
You visited the Abyss 1 time.

You collected 94 gold pieces.

Inventory:

Hand Weapons
 a - a +1 hand axe (weapon)
Missiles
 k - 5 exploding tomahawks (quivered)
Armour
 g - a +0 cloak (worn)
 i - a +0 plate armour (worn)
 q - a +0 shield (worn)
 r - a +0 pair of gloves (worn)
Jewellery
 b - a ring of see invisible (left hand)
 e - a cursed ring of wizardry (right hand)
Scrolls
 f - 3 scrolls of blinking {unknown}
 h - a scroll of remove curse {unknown}
 l - a scroll of fear {unknown}
 m - a scroll of fog
 n - a scroll of amnesia {unknown}
Potions
 j - a potion of cure mutation {unknown}
 p - a potion of magic {unknown}
Comestibles
 c - a bread ration
 o - a beef jerky


   Skills:
 + Level 3.9 Fighting
 + Level 2.5 Axes
 + Level 2.6 Armour
 + Level 0.8 Dodging
 + Level 2.7 Invocations


You had 3 spell levels left.
You didn't know any spells.

Dungeon Overview and Level Annotations

Branches:
Dungeon (2/15)

Altars:


Innate Abilities, Weirdness & Mutations

You have a pair of small horns on your head.


Message History

You hit the worm but do no damage. You block the worm's attack.
Your plate armour prevents you from hitting the worm.
You headbutt the worm, but do no damage.
You feel sick.
You hit the worm.
The worm is moderately wounded.
The worm bites you but does no damage.
Your shield and plate armour prevent you from hitting the worm.
The worm is lightly wounded.
The worm bites you.
* * * LOW HITPOINT WARNING * * *
You catch the helpless worm completely off-guard!
You hit the worm.
The worm is lightly wounded.
You feel sick. The worm bites you but does no damage.
You hit the worm.
The worm is moderately wounded.
You are near starving!
The worm bites you!
You die...

###########
##..w@.....#
##.(.######.#
#..(..# #.#
##.w.##
#.#######
#.#####S##
#.......#
#..S....#
#######.#
#######)# #.#
##'# #.#
##...## #.#


You could see a worm.

Vanquished Creatures
  4 adders (D:2)
  A worm (D:2)
  3 giant geckos
  A giant cockroach (D:2)
  2 goblins
  5 hobgoblins
  7 kobolds
  A quokka (D:2)
  7 bats
  7 giant newts
  11 rats
49 creatures vanquished.

Notes
Turn   | Place    | Note
--------------------------------------------------------------
     0 | Abyss:1  | Gargoyl the Demonspawn Abyssal Knight began the quest for the Orb.
     0 | Abyss:1  | Reached XP level 1. HP: 18/18 MP: 2/2
    33 | Abyss:1  | Noticed a starcursed mass
    54 | D:1      | Escaped the Abyss
   544 | D:1      | Gained mutation: You have a pair of small horns on your head. [demonic ancestry]
   544 | D:1      | Reached XP level 2. HP: 24/24 MP: 3/3
   591 | D:1      | Reached * piety under Lugonu
  1313 | D:2      | Reached XP level 3. HP: 20/29 MP: 5/5
  1523 | D:2      | Reached ** piety under Lugonu
  2173 | D:2      | Reached XP level 4. HP: 17/37 MP: 6/6
  2185 | D:2      | Slain by a worm

Action                   |  1- 3 |  4- 6 || total
-------------------------+-------+-------++-------
Melee: Hand axe          |   169 |    11 ||   180
Invok: Depart the Abyss  |     1 |       ||     1
  Use: Scroll            |     4 |       ||     4
       Potion            |     2 |     1 ||     3
 Stab: Invisible         |       |     2 ||     2
  Eat: Chunk             |     3 |       ||     3
